cohdb
Replays
Latest Replays
All Replays
Popular Replays
Top Player Replays
Match Explorer
How It Works
Community
CoH3 Stats
Reddit
Sign in to upload your games and track your stats! →
Sign in with Steam
Match 41673260
Unlisted
Match 41673260
Overview
Messages
Build Orders
End
Construct Weapon Support Center
Scout Squad
Selects Heavy Weapons
M1919 Machine Gun Team
M1919 Machine Gun Team
M1919 Machine Gun Team
Bazooka Squad
Mechanized Support Center
M3 Armored Personnel Carrier
Selects M2HB .50cal Heavy Machine Gun
Bazooka Squad
Selects Assault Carriers
M3 Assault Carrier
M3 Assault Carrier
Engineer Squad
Selects Halftrack Strongpoints
Construct Tank Depot
Bazooka Squad
Bazooka Squad
Designate Forward Repair Station
M4A1 Sherman Medium Tank
M1919 Machine Gun Team
M1919 Machine Gun Team
M1919 Machine Gun Team
M4A1 76mm Conversion
Engineer Squad
Engineer Squad
M3 Assault Carrier
Selects M26 Pershing Heavy Tank
M4(105) Sherman Bulldozer
XuZhongwei
jamesfanzhilin
GentleSmile
CPU - 标准
CPU - 标准
CPU - 标准
0
0
Comments
sign in to comment!
No comments posted yet!